 Dungeon Crawl Stone Soup version 0.20.0-7-g3b7b877 (webtiles) character file.

17376 galech the Brawler (level 12, -9/110 (111) HPs)
             Began as a Troll Monk on May 29, 2017.
             Was a High Priest of Trog.
             Killed from afar by an orc sorcerer (31 damage)
             ... with a bolt of fire
             ... led by an orc high priest
             ... on level 2 of the Orcish Mines.
             The game lasted 00:32:16 (11369 turns).

galech the Brawler (Troll Monk)                    Turns: 11369, Time: 00:32:16

HP:   -9/110 (111)  AC: 11    Str: 26    XL:     12   Next: 18%
MP:   11/11         EV: 16    Int:  8    God:    Trog [*****.]
Gold: 1094          SH:  0    Dex: 12    Spells: 11/11 levels left

rFire    . . .     SeeInvis .     - Unarmed
rCold    . . .     Gourm    +   (no shield)
rNeg     . . .     Faith    +   Q - +3 troll leather armour
rPois    .         Spirit   .   (helmet restricted)
rElec    .         Reflect  .   B - +0 cloak
rCorr    .         Harm     .   (gloves unavailable)
MR       ++...                  (boots unavailable)
Stlth    ++........             F - amulet of faith
Regen    2.1/turn               J - +3 ring of evasion
MPRegen  0.2/turn               p - +5 ring of slaying

@: berserk cooldown, regenerating, slowed, very slow
A: unfitting armour, claws 3, hooves 1, clever 1, fast metabolism 3, gourmand,
regeneration 1, screaming 1, shaggy fur 1, tough skin 2
a: Berserk, Trog's Hand, Brothers in Arms, Burn Spellbooks, Renounce Religion


You were on level 2 of the Orcish Mines.
You worshipped Trog.
Trog was extremely pleased with you.
You were very full.

You visited 3 branches of the dungeon, and saw 13 of its levels.
You also visited: Ice Cave.

You collected 1094 gold pieces.

Inventory:

Hand Weapons
 S - the +7 captain's cutlass {speed, disarm}
   (You found it in an ice cave)

   Attacks with this weapon are significantly faster.
Armour
 a - a +0 robe
 B - a +0 cloak (worn)
 P - a +0 robe of cold resistance
 Q - a +3 troll leather armour (worn)
 R - a +0 robe of positive energy
Jewellery
 p - a +5 ring of slaying (right claw)
 u - an uncursed ring of protection from fire
 F - an amulet of faith (around neck)
 H - an uncursed amulet of rage
 J - a +3 ring of evasion (left claw)
Wands
 g - a wand of paralysis (3/24)
 m - a wand of paralysis (12/24)
 s - a wand of confusion (23/48)
 C - a wand of enslavement (10/24)
 G - a wand of iceblast (1/15)
 K - a wand of flame (26/48)
 L - a wand of flame (24/48)
Scrolls
 f - a scroll of enchant weapon
 h - 8 scrolls of teleportation
 i - a scroll of magic mapping
 n - 4 scrolls of remove curse
 o - 2 scrolls of fog
 y - 5 scrolls of immolation
 D - a scroll of recharging
 E - a scroll of fear
 M - 5 scrolls of identify
 N - a scroll of amnesia {unknown}
 O - a scroll of holy word {unknown}
Potions
 c - 4 potions of haste {unknown}
 e - 3 potions of lignification
 j - 3 potions of flight {unknown}
 k - 2 potions of berserk rage {unknown}
 l - 3 potions of ambrosia {unknown}
 q - 2 potions of heal wounds {unknown}
 r - a potion of degeneration {unknown}
 t - a potion of brilliance
 x - 2 potions of cancellation {unknown}
 z - 3 potions of agility {unknown}
Books
 A - a book of Cantrips

   Spells                             Type                      Level
   a - Confusing Touch                Hexes                        1
   b - Animate Skeleton               Necromancy                   1
   c - Summon Small Mammal            Summoning                    1
   d - Apportation                    Translocation                1
   Trog disapproves of the use of such an item.
 I - a book of Conjurations

   Spells                             Type                      Level
   a - Magic Dart                     Conjuration                  1
   b - Searing Ray                    Conjuration                  2
   c - Dazzling Spray                 Conjuration/Hexes            3
   d - Fulminant Prism                Conjuration/Hexes            4
   e - Force Lance                    Conjuration/Translocation    4
   f - Iskenderun's Mystic Blast      Conjuration                  4
   Trog disapproves of the use of such an item.
Comestibles
 b - 9 bread rations
 v - 4 meat rations
 w - 2 royal jellies
 T - 9 chunks of flesh


   Skills:
 + Level 5.4 Fighting
 + Level 3.1 Armour
 + Level 7.4 Dodging
 + Level 3.7 Stealth
 + Level 15.4 Unarmed Combat


You had 11 spell levels left.
You didn't know any spells.

Dungeon Overview and Level Annotations

Branches:
Dungeon (10/15)            Temple (1/1) D:6             Orc (2/2) D:10
    Elf (0/3) Orc:2
   Lair: D:8-11

Altars:
Ashenzari
Cheibriados
Dithmenos
Elyvilon
Fedhas
Gozag
Hepliaklqana
Kikubaaqudgha
Makhleb
Nemelex Xobeh
Okawaru
Qazlal
Ru
Sif Muna
Trog
Uskayaw
Vehumet
Xom
Yredelemnul
Zin
The Shining One
Beogh

Shops:
D:8 %

Annotations:
D:9 1 runed door, exclusion: 4 orange crystal statues


Innate Abilities, Weirdness & Mutations

You are too large for most types of armour.
You have claws for hands.
Your metabolism is lightning-fast.
You like to eat raw meat.
Your natural rate of healing is unusually fast.
You are covered in fur. (AC +1)
You have very tough skin. (AC +2)
You have large cloven feet.
Your mind is acute. (Int +2)
You occasionally shout uncontrollably at your foes.


Message History

Trog accepts your kill.
You closely miss the orc warrior.
You kick the orc warrior, but do no damage.
You claw the orc warrior.
The orc warrior is lightly wounded.
You mangle the orc warrior!!
The orc warrior is almost dead.
The orc warrior hits you with a battleaxe!
You scratch the orc warrior but do no damage.
You kick the orc warrior.
You kill the orc warrior!
Trog accepts your kill. The sun demon hits you!!
* * * LOW HITPOINT WARNING * * *
You are engulfed in flames!
* * * LOW HITPOINT WARNING * * *
The sixfirhy disappears in a puff of smoke!
The orc sorcerer points at you and mumbles some strange words.
The bolt of fire hits you!
You die...

### ### ### *** **** ## ##.##
##.###.## **,** **,*, .###...#
#...#@..# *,,,***,,,,
..##...######.#.#3.## *,,,,*,,,,,
........#.##...o....#*****,,,,,,,
...#.......#..)o##.##*,,,*8,,,,,*
.......##.#...ยง#####
*,,,*,,,,,,, ...#...#..##....####
*,_,+,,,,,,,
...#.............#.###,,,*,,,#,,,
..............#.#o...#,,,*8...,,,
......#..#.....#.#oo######....,,,


You could see a sun demon, an orc sorcerer and an orc warrior.

Vanquished Creatures
  4 two-headed ogres
  An orc high priest (Orc:2)
  Nergalle (D:10)
  An orc knight (Orc:1)
  2 orc sorcerers
  A centaur zombie (D:10)
  2 ice statues (IceCv)
  9 ice devils (IceCv)
  2 trolls
  A hippogriff (D:8)
  A hornet (D:10)
  5 yaks (D:10)
  A hungry ghost (D:9)
  4 wargs
  A hornet zombie (D:9)
  A water moccasin (D:7)
  3 sky beasts
  16 orc warriors
  2 ice beasts (D:7)
  7 ogres
  3 phantoms
  2 necrophages
  2 centaurs (D:10)
  A crocodile (D:7)
  2 big kobolds
  4 bullfrogs
  2 scorpions
  8 killer bees
  8 wights
  10 howler monkeys
  4 crimson imps
  A quasit (D:10)
  A bullfrog zombie (D:10)
  3 jellies
  14 orc priests
  7 hounds
  Crazy Yiuf (D:4)
  2 centaur skeletons
  A bullfrog skeleton (D:9)
  2 iguanas
  19 orc wizards
  6 worker ants
  A killer bee zombie (D:10)
  2 hound skeletons
  15 adders
  3 gnolls
  3 shadow imps
  17 white imps
  11 ufetubi (IceCv)
  2 adder skeletons
  5 worms
  2 dart slugs
  7 leopard geckos
  75 orcs
  A bat zombie (D:1)
  A giant cockroach (D:2)
  3 goblins
  5 hobgoblins
  7 jackals
  3 quokkas
  4 bats
  3 frilled lizards
  16 kobolds
  2 quokka zombies
  9 rats
365 creatures vanquished.

Vanquished Creatures (others)
  A reaper (IceCv)
  3 white imps (IceCv)
  An ufetubus (IceCv)
5 creatures vanquished.

Grand Total: 370 creatures vanquished

Notes
Turn   | Place    | Note
-------+----------+-------------------------------------------
     0 | D:1      | galech the Troll Monk began the quest for the Orb.
     0 | D:1      | Reached XP level 1. HP: 22/22 MP: 0/0
   298 | D:1      | Reached XP level 2. HP: 22/29 MP: 1/1
   999 | D:2      | Reached XP level 3. HP: 35/36 MP: 2/2
  1386 | D:2      | Reached skill level 4 in Unarmed Combat
  1773 | D:2      | Reached XP level 4. HP: 44/44 MP: 3/3
  2355 | D:3      | Noticed an orc warrior
  2397 | D:4      | Noticed an ogre
  2404 | D:4      | Killed an ogre
  2404 | D:4      | Reached skill level 5 in Unarmed Combat
  2404 | D:4      | Reached XP level 5. HP: 7/50 MP: 4/4
  2509 | D:3      | Killed an orc warrior
  2509 | D:3      | Reached XP level 6. HP: 21/59 MP: 5/5
  2690 | D:3      | Reached skill level 6 in Unarmed Combat
  3141 | D:4      | Reached XP level 7. HP: 63/67 MP: 6/6
  3249 | D:4      | Reached skill level 7 in Unarmed Combat
  3403 | D:4      | Found a radiant altar of Vehumet.
  3486 | D:4      | Found a runed door.
  3580 | D:4      | Noticed Crazy Yiuf
  3584 | D:4      | Killed Crazy Yiuf
  3699 | D:5      | Entered Level 5 of the Dungeon
  3837 | D:5      | Reached XP level 8. HP: 73/75 MP: 7/7
  4558 | D:6      | Found a staircase to the Ecumenical Temple.
  4564 | Temple   | Entered the Ecumenical Temple
  4938 | D:7      | Reached skill level 8 in Unarmed Combat
  5437 | D:7      | Reached skill level 9 in Unarmed Combat
  5804 | D:8      | Reached XP level 9. HP: 74/83 MP: 8/8
  5896 | D:8      | Reached skill level 10 in Unarmed Combat
  6247 | D:8      | Reached skill level 5 in Dodging
  6247 | D:8      | Reached skill level 11 in Unarmed Combat
  6262 | D:8      | Found Emuamp's Food Shoppe.
  6498 | D:9      | Noticed a two-headed ogre
  6501 | D:9      | Killed a two-headed ogre
  6507 | D:9      | Found a runed door.
  6517 | D:9      | Found a runed door.
  6523 | D:9      | Noticed an orange crystal statue
  6569 | D:9      | Reached XP level 10. HP: 86/92 MP: 9/9
  6786 | D:9      | Reached skill level 12 in Unarmed Combat
  7252 | D:9      | Found a bloodstained altar of Trog.
  7262 | D:9      | Became a worshipper of Trog the Wrathful
  7262 | D:9      | Reached * piety under Trog
  7262 | D:9      | Reached ** piety under Trog
  7292 | D:9      | Found an opulent altar of Gozag.
  7455 | D:9      | Paralysed by a hornet for 3 turns
  7608 | D:10     | Entered Level 10 of the Dungeon
  7726 | D:10     | Noticed Nergalle
  7734 | D:10     | Killed Nergalle
  7734 | D:10     | Reached skill level 13 in Unarmed Combat
  7836 | D:10     | Gained mutation: Your mind is acute. (Int +2) [mutagenic meat]
  7837 | D:10     | Gained mutation: You have large cloven feet. [mutagenic meat]
  7838 | D:10     | Gained mutation: You occasionally shout uncontrollably at your foes. [mutagenic meat]
  7898 | D:10     | Found a staircase to the Orcish Mines.
  7956 | D:10     | Reached *** piety under Trog
  8070 | D:10     | Reached XP level 11. HP: 100/100 MP: 10/10
  8401 | D:10     | Noticed a two-headed ogre
  8410 | D:10     | Killed a two-headed ogre
  8742 | D:9      | Noticed an orange crystal statue
  8742 | D:9      | Noticed an orange crystal statue
  8742 | D:9      | Noticed an orange crystal statue
  8821 | Orc:1    | Entered Level 1 of the Orcish Mines
  8821 | Orc:1    | Noticed a two-headed ogre
  8854 | D:10     | Killed a two-headed ogre
  8854 | D:10     | Reached skill level 5 in Fighting
  8854 | D:10     | Reached skill level 14 in Unarmed Combat
  8937 | Orc:1    | Reached **** piety under Trog
  8945 | Orc:1    | Reached skill level 1 in Armour
  9074 | Orc:1    | Noticed an orc sorcerer
  9084 | Orc:1    | Killed an orc sorcerer
  9313 | Orc:2    | Entered Level 2 of the Orcish Mines
  9313 | Orc:2    | Found a staircase to the Elven Halls.
  9313 | Orc:2    | Noticed a two-headed ogre
  9322 | Orc:2    | Killed a two-headed ogre
  9372 | Orc:1    | Noticed an orc knight
  9416 | Orc:1    | Killed an orc knight
  9437 | Orc:2    | Found a roughly hewn altar of Beogh.
  9439 | Orc:2    | Found a frozen archway.
  9596 | Orc:2    | Reached ***** piety under Trog
  9652 | IceCv    | Entered an ice cave
  9721 | IceCv    | Killed a reaper
 10022 | IceCv    | Reached skill level 15 in Unarmed Combat
 10327 | IceCv    | Reached XP level 12. HP: 90/110 MP: 11/11
 11295 | Orc:2    | Noticed an orc high priest
 11327 | Orc:2    | Received a gift from Trog
 11356 | Orc:2    | Killed an orc high priest
 11369 | Orc:2    | Killed from afar by an orc sorcerer

Skill      XL: |  1  2  3  4  5  6  7  8  9 10 11 12 |
---------------+-------------------------------------+-----
Unarmed Combat | 4 5 6 7 9 11 13 15 | 15.4
Dodging        | 3 4 5 6 7 |  7.4
Stealth        | 2 3 |  3.7
Fighting       | 3 4 5 |  5.4
Armour         | 2 3 |  3.1

Action                   |  1- 3 |  4- 6 |  7- 9 | 10-12 || total
-------------------------+-------+-------+-------+-------++-------
Melee: Unarmed           |    82 |   103 |   264 |   455 ||   904
       Punch             |       |     2 |    14 |    35 ||    51
       Kick              |       |       |       |   107 ||   107
Invok: Berserk           |       |       |       |     6 ||     6
       Trog's Hand       |       |       |       |     4 ||     4
  Use: Scroll            |       |       |    13 |     6 ||    19
 Stab: Sleeping          |     3 |     4 |     3 |       ||    10
       Distracted        |       |     1 |     1 |       ||     2
  Eat: Chunk             |    13 |    21 |    31 |    54 ||   119
       Bread ration      |       |       |       |     1 ||     1
Armor: Robe              |    23 |    18 |    62 |    40 ||   143
       Troll leather arm |       |       |       |    61 ||    61
Dodge: Dodged            |    35 |    44 |   100 |   302 ||   481
